Phantoms vs Devils

Created - March 26, 2022 at 19:42

Goals
1 2 3 OT1 SO T
Phantoms 1 5 1 0 0 7
Devils 2 3 2 0 1 8
Shots
1 2 3 OT1 SO T
Phantoms 12 19 11 0 3 42
Devils 9 13 5 0 2 27

1st period

1. Devils , Logan Shaw 37 (Sven Baertschi 20, Sam Bennett 43) at 1:31
2. Phantoms , Travis Konecny 42 (Sven Andrighetto 15) at 12:22
3. Devils , Logan Shaw 38 (Sven Baertschi 21, Calvin Pickard) at 15:22

Penalties :
Ilya Lyubushkin (Bin) for Roughing (Minor) at 4:20, Michael Bournival (Leh) for Holding (Minor) at 9:59

2nd period

4. Phantoms , Michael Bournival 14 (Calle Jarnkrok 48) at 0:06
5. Devils , Sven Baertschi 24 (Logan Shaw 40, Sam Bennett 44) at 2:38
6. Devils , Alan Quine 16 (Valeri Nichushkin 10, Joonas Donskoi 25) at 3:37 (PP)
7. Phantoms , Nick Shore 20 (Alex DeBrincat 22, Ivan Provorov 22) at 3:54
8. Phantoms , Travis Konecny 43 (Calle Jarnkrok 49) at 16:12
9. Phantoms , Travis Konecny 44 (Calle Jarnkrok 50) at 16:24 (PP)
10. Devils , Sven Baertschi 25 (Sam Bennett 45, Logan Shaw 41) at 17:47
11. Phantoms , Travis Konecny 45 (Blake Heinrich 11) at 19:25

Penalties :
Michael Bournival (Leh) for Roughing (Minor) at 2:44, Blake Heinrich (Leh) for Tripping (Minor) at 8:37, Sam Bennett (Bin) for Hooking (Minor) at 16:22

3rd period

12. Devils , Brett Seney 10 (Christian Wolanin 6) at 7:27
13. Phantoms , Erik Nystrom 11 (Cristoval Nieves 24, Nick Sorensen 11) at 8:34
14. Devils , Jonny Brodzinski 6 (Brett Howden 2, Reid Boucher 7) at 15:26

Penalties :
Mikko Lehtonen (Leh) for High sticking (Minor) at 10:27, Reid Boucher (Bin) for Holding (Minor) at 13:06

Overtime #1

No Goal

Penalties :
No Penalty

Shootout

Phantoms, Michael Bournival - Stopped by Calvin Pickard
Devils, Logan Shaw - Goal!
Phantoms, Calle Jarnkrok - Shot Misses the Net
Devils, Sven Baertschi - Stopped by Jason Kasdorf
Phantoms, Travis Konecny - Stopped by Calvin Pickard

Penalties :
No Penalty

Goalie Stats

Anton Forsberg (Leh), 9 saves from 13 shots - (0.692), 23:37 minutes
Jason Kasdorf (Leh), 11 saves from 14 shots - (0.786), OTL, 1-1-1, 41:23 minutes
Calvin Pickard (Bin), 35 saves from 42 shots - (0.833), W, 13-19-3, 65:00 minutes

Players Stats for Phantoms

Player Name              G  A  P  +/- PIM S  H  SB GA TA FO     MP     PP MP  PK MP  
------------------------------------------------------------------------------------
A.J. Greer               0  0  0   0  0   0  0  0  0  0  0/0     1:37   0:00   0:53 
Alex DeBrincat           0  1  1   1  0   1  0  0  0  1  2/4    14:20   1:36   0:00 
Anthony Angello          0  0  0   0  0   1  1  0  0  0  1/4     3:34   0:00   2:33 
Blake Heinrich           0  1  1   0  2   0  0  0  1  2  0/0    21:41   1:32   2:07 
Brendan Leipsic          0  0  0  -2  0   2  1  0  0  0  0/0     6:18   0:00   0:00 
Brenden Kichton          0  0  0  -1  0   0  0  2  1  1  0/0    13:11   0:00   0:12 
Calle Jarnkrok           0  3  3   1  0   3  1  1  0  0  20/38  25:12   2:10   4:15 
Cristoval Nieves         0  1  1  -1  0   2  3  0  0  1  3/6    12:53   0:00   0:34 
David Kampf              0  0  0   0  0   0  0  0  0  0  0/0     1:45   0:14   0:00 
Erik Nystrom             1  0  1  -1  0   4  1  0  1  0  1/1    12:19   0:00   0:00 
Ivan Provorov            0  1  1   1  0   2  4  0  0  1  0/0    29:36   2:28   3:58 
JC Lipon                 0  0  0  -2  0   0  0  0  0  0  1/1     6:49   0:14   0:00 
Laurent Dauphin          0  0  0   0  0   0  0  0  0  0  0/0     1:44   0:14   0:00 
Lucas Wallmarkk          0  0  0  -2  0   0  1  0  0  0  2/3     6:18   0:00   0:00 
Mark Alt                 0  0  0   1  0   4  0  0  1  2  0/0    29:36   2:28   3:58 
Michael Bournival        1  0  1   2  4   2  2  0  2  0  4/7    23:34   2:10   2:13 
Mikko Lehtonen           0  0  0  -1  2   1  0  1  0  0  0/0    13:52   0:00   0:33 
Nick Shore               1  0  1   1  0   6  0  0  0  0  5/10   14:20   1:36   0:00 
Nick Sorensen            0  1  1  -1  0   2  0  0  0  0  0/1    12:19   0:00   0:00 
Rinat Valiev             0  0  0   0  0   1  1  0  0  0  0/0    22:25   1:32   2:52 
Sven Andrighetto         0  1  1   2  0   2  2  0  0  1  0/0    17:34   1:36   1:36 
Travis Konecny           4  0  4   2  0   9  1  0  2  1  2/3    22:09   2:10   1:36 

Players Stats for Devils

Player Name              G  A  P  +/- PIM S  H  SB GA TA FO     MP     PP MP  PK MP  
------------------------------------------------------------------------------------
Alan Quine               1  0  1   0  0   2  2  0  1  0  5/12   20:03   3:04   1:29 
Ben Hutton               0  0  0  -1  0   0  2  1  0  2  0/0    28:06   4:12   1:59 
Brandon Carlo            0  0  0  -1  0   1  1  1  0  3  0/0    30:42   4:12   1:59 
Brett Howden             0  1  1   1  0   1  0  0  0  0  0/3     6:38   0:00   0:00 
Brett Seney              1  0  1   0  0   3  0  0  1  0  0/1    13:12   0:00   0:54 
Christian Wolanin        0  1  1   2  0   0  1  0  0  0  0/0    12:13   0:00   0:11 
Conor Garland            0  0  0   0  0   2  1  1  0  0  0/0    11:00   0:00   0:00 
Cristiano Digiacinto     0  0  0   0  0   0  0  0  0  0  0/0     0:31   0:00   0:03 
Dalton Thrower           0  0  0  -1  0   1  2  0  1  0  0/0    22:21   2:38   2:01 
Ilya Lyubushkin          0  0  0  -1  2   1  1  0  0  2  0/0    21:12   2:38   0:53 
Jake Bean                0  0  0   0  0   0  0  0  0  0  0/0     3:10   0:00   0:00 
Jonny Brodzinski         1  0  1   1  0   2  0  0  1  0  0/1     6:38   0:00   0:00 
Joonas Donskoi           0  1  1   0  0   4  2  0  0  0  0/0    16:13   3:04   0:00 
Logan Shaw               2  2  4  -1  0   3  2  0  2  1  1/3    21:22   3:46   0:00 
Mason Marchment          0  0  0   1  0   0  0  0  0  0  0/0     6:38   0:00   0:00 
Reid Boucher             0  1  1   0  2   1  2  2  0  0  4/5    13:02   0:09   0:07 
Robbie Russo             0  0  0   2  0   0  0  0  0  0  0/0    12:20   0:00   0:57 
Sam Bennett              0  3  3  -1  2   2  2  1  0  0  24/46  25:12   3:37   2:02 
Sven Baertschi           2  2  4  -1  0   3  1  0  3  0  3/5    25:45   3:46   2:06 
Valeri Nichushkin        0  1  1   0  0   1  3  0  1  0  0/2    19:39   3:04   1:19 

3 Stars

1 - Travis Konecny (Leh)
2 - Logan Shaw (Bin)
3 - Sven Baertschi (Bin)

Power Play

Phantoms - 1 on 3 Attempt(s) - 33.33%
Devils - 1 on 4 Attempt(s) - 25.00%

Penalty Kill

Phantoms - 3 on 4 Attempt(s) - 75.00% - Score 0 goal in Penalty Kill
Devils - 2 on 3 Attempt(s) - 66.67% - Score 0 goal in Penalty Kill

Team Stat

Phantoms - Hits : 18 - Faceoff Wins : 41 - Blocked Shots : 4 - Penalty Minutes : 8
Devils - Hits : 22 - Faceoff Wins : 37 - Blocked Shots : 6 - Penalty Minutes : 6

Official

Referees : TJ Luxmore and Reid Anderson
Linesman : Michel Cormier and Scott Cherrey

Game Notes

Jason Kasdorf enters game at 3:37 of 2nd period
Travis Konecny has scored a Hat Trick!
5:50 of 3rd period - Phantoms goal is going for a video replay. After video review, No Goal. The goalkeeper has been pushed into the net together with the puck after making a save.

Finance

Level 1 -- Attendance: 1846 (92.30%) -- Ticket Income $64,610
Level 2 -- Attendance: 870 (87.00%) -- Ticket Income $13,050
Total Attendance: 2716 (90.53%)
Total Ticket Income: $77,660
Other Income: $3,883
Total Income: $81,543

Phantoms

5 vs 5 Forward 
   Center                   Left Wing                Right Wing               Time % Phy DF OF 
 1 Calle Jarnkrok           Michael Bournival        Travis Konecny           40     1   2  2  
 2 Nick Shore               Alex DeBrincat           Sven Andrighetto         30     1   2  2  
 3 Cristoval Nieves         Erik Nystrom             Nick Sorensen            20     1   2  2  
 4 Lucas Wallmarkk          Brendan Leipsic          JC Lipon                 10     1   2  2  

5 vs 5 Defense 
   Defense                  Defense                                           Time % Phy DF OF 
 1 Ivan Provorov            Mark Alt                                          40     1   2  2  
 2 Blake Heinrich           Rinat Valiev                                      30     1   2  2  
 3 Brenden Kichton          Mikko Lehtonen                                    20     1   2  2  
 4 Ivan Provorov            Mark Alt                                          10     1   2  2  

PowerPlay Forward 
   Center                   Left Wing                Right Wing               Time % Phy DF OF 
 1 Calle Jarnkrok           Michael Bournival        Travis Konecny           60     1   2  2  
 2 Nick Shore               Alex DeBrincat           Sven Andrighetto         40     1   2  2  

PowerPlay Defense
   Defense                  Defense                                           Time % Phy DF OF 
 1 Ivan Provorov            Mark Alt                                          60     1   2  2  
 2 Blake Heinrich           Rinat Valiev                                      40     1   2  2  

Penalty Kill 4 Players Forward 
   Center                   Wing                     Time % Phy DF OF 
 1 Michael Bournival        Calle Jarnkrok           60     1   2  2  
 2 Travis Konecny           Sven Andrighetto         40     1   2  2  

Penalty Kill 4 Players Defense
   Defense                  Defense                  Time % Phy DF OF 
 1 Ivan Provorov            Mark Alt                 60     1   2  2  
 2 Blake Heinrich           Rinat Valiev             40     1   2  2  

Penalty Kill - 3 Players Forward 
   Forward                                           Time % Phy DF OF 
 1 Michael Bournival                                 60     1   2  2  
 2 Calle Jarnkrok                                    40     1   2  2  

Penalty Kill - 3 Players Defense
   Defense                  Defense                  Time % Phy DF OF 
 1 Ivan Provorov            Mark Alt                 60     1   2  2  
 2 Blake Heinrich           Rinat Valiev             40     1   2  2  

4 vs 4 Forward 
   Center                   Wing                     Time % Phy DF OF 
 1 Michael Bournival        Calle Jarnkrok           60     1   2  2  
 2 Travis Konecny           Sven Andrighetto         40     1   2  2  

4 vs 4 Defense
   Defense                  Defense                  Time % Phy DF OF 
 1 Ivan Provorov            Mark Alt                 60     1   2  2  
 2 Blake Heinrich           Rinat Valiev             40     1   2  2  

Last Minutes Offensive
   Center                   Left Wing                Right Wing               Defense                  Defense                  
   Calle Jarnkrok           Michael Bournival        Travis Konecny           Ivan Provorov            Mark Alt                 

Last Minutes Defensive
   Center                   Left Wing                Right Wing               Defense                  Defense                  
   Calle Jarnkrok           Michael Bournival        Travis Konecny           Ivan Provorov            Mark Alt                 

Goaltenders
Starting : Anton Forsberg           
Backup : Jason Kasdorf            

Extra Forwards
Normal : David Kampf, Laurent Dauphin, Anthony Angello - PP : David Kampf, Laurent Dauphin - PK : Anthony Angello
Extra Defensemen
Normal : Brenden Kichton, Mikko Lehtonen, Blake Heinrich - PP : Brenden Kichton - PK : Mikko Lehtonen, Blake Heinrich
Penalty Shots
Michael Bournival, Calle Jarnkrok, Travis Konecny, Sven Andrighetto, Alex DeBrincat

Scratches
Cooper Marody (Healthy), Devon Teows (Healthy), Jake Dotchin (Sprained Right Ankle Injury), Morgan Klimchuk (Healthy), Reid McNeill (Healthy)
Brett Murray (Healthy), Matt Kiersted (Healthy), Riley Stillman (Healthy), Zachary Fucale (Healthy)

Devils

5 vs 5 Forward 
   Center                   Left Wing                Right Wing               Time % Phy DF OF 
 1 Sam Bennett              Sven Baertschi           Logan Shaw               40     0   2  3  
 2 Alan Quine               Valeri Nichushkin        Joonas Donskoi           30     0   2  3  
 3 Reid Boucher             Brett Seney              Conor Garland            20     0   2  3  
 4 Brett Howden             Mason Marchment          Jonny Brodzinski         10     0   2  3  

5 vs 5 Defense 
   Defense                  Defense                                           Time % Phy DF OF 
 1 Brandon Carlo            Ben Hutton                                        40     1   3  1  
 2 Dalton Thrower           Ilya Lyubushkin                                   30     1   3  1  
 3 Robbie Russo             Christian Wolanin                                 20     1   3  1  
 4 Jake Bean                Brandon Carlo                                     10     1   3  1  

PowerPlay Forward 
   Center                   Left Wing                Right Wing               Time % Phy DF OF 
 1 Sam Bennett              Sven Baertschi           Logan Shaw               60     0   1  4  
 2 Alan Quine               Valeri Nichushkin        Joonas Donskoi           40     0   1  4  

PowerPlay Defense
   Defense                  Defense                                           Time % Phy DF OF 
 1 Brandon Carlo            Ben Hutton                                        60     0   2  3  
 2 Dalton Thrower           Ilya Lyubushkin                                   40     0   2  3  

Penalty Kill 4 Players Forward 
   Center                   Wing                     Time % Phy DF OF 
 1 Sam Bennett              Sven Baertschi           60     1   3  1  
 2 Alan Quine               Valeri Nichushkin        40     1   3  1  

Penalty Kill 4 Players Defense
   Defense                  Defense                  Time % Phy DF OF 
 1 Brandon Carlo            Ben Hutton               60     1   4  0  
 2 Dalton Thrower           Ilya Lyubushkin          40     1   4  0  

Penalty Kill - 3 Players Forward 
   Forward                                           Time % Phy DF OF 
 1 Sam Bennett                                       60     1   2  2  
 2 Alan Quine                                        40     1   2  2  

Penalty Kill - 3 Players Defense
   Defense                  Defense                  Time % Phy DF OF 
 1 Brandon Carlo            Ben Hutton               60     1   2  2  
 2 Dalton Thrower           Ilya Lyubushkin          40     1   2  2  

4 vs 4 Forward 
   Center                   Wing                     Time % Phy DF OF 
 1 Sam Bennett              Sven Baertschi           60     1   2  2  
 2 Alan Quine               Valeri Nichushkin        40     1   2  2  

4 vs 4 Defense
   Defense                  Defense                  Time % Phy DF OF 
 1 Brandon Carlo            Ben Hutton               60     1   2  2  
 2 Dalton Thrower           Ilya Lyubushkin          40     1   2  2  

Last Minutes Offensive
   Center                   Left Wing                Right Wing               Defense                  Defense                  
   Sam Bennett              Sven Baertschi           Logan Shaw               Brandon Carlo            Ben Hutton               

Last Minutes Defensive
   Center                   Left Wing                Right Wing               Defense                  Defense                  
   Sam Bennett              Sven Baertschi           Logan Shaw               Brandon Carlo            Ben Hutton               

Goaltenders
Starting : Calvin Pickard           
Backup : Juuse Saros              

Extra Forwards
Normal : Valeri Nichushkin, Alan Quine, Reid Boucher - PP : Valeri Nichushkin, Alan Quine - PK : Valeri Nichushkin
Extra Defensemen
Normal : Robbie Russo, Christian Wolanin, Jake Bean - PP : Robbie Russo - PK : Robbie Russo, Christian Wolanin
Penalty Shots
Logan Shaw, Sven Baertschi, Sam Bennett, Joonas Donskoi, Valeri Nichushkin

Scratches
Darren Dietz (Broken Left Index Finger Injury), Vincent Desharnais (Healthy)

% Time on Ice - Phantoms

Lines # - Real PCT - Wanted PCT - Time Play
Normal Forward
1 - 35% - 40% - 17:25
2 - 27% - 30% - 13:08
3 - 25% - 20% - 12:19
4 - 13% - 10% - 6:18
Normal Defense
1 - 38% - 40% - 18:52
2 - 33% - 30% - 16:16
3 - 24% - 20% - 12:00
4 - 4% - 10% - 2:02
PP Forward
1 - 60% - 60% - 2:24
2 - 40% - 40% - 1:36
PP Defense
1 - 62% - 60% - 2:28
2 - 38% - 40% - 1:32
PK Forward
1 - 77% - 60% - 5:14
2 - 23% - 40% - 1:36
PK Defense
1 - 58% - 60% - 3:58
2 - 42% - 40% - 2:52
PK3 Forward
1 - 0% - 60%
2 - 0% - 40%
PK3 Defense
1 - 0% - 60%
2 - 0% - 40%
44 Forward
1 - 75% - 60% - 3:46
2 - 25% - 40% - 1:14
44 Defense
1 - 65% - 60% - 3:15
2 - 35% - 40% - 1:45
Last Minute Offensive  - 0:00
Last Minute Defensive  - 0:00
Total
Forward - 65:00
Defense - 65:00

% Time on Ice - Devils

Lines # - Real PCT - Wanted PCT - Time Play
Normal Forward
1 - 37% - 40% - 18:23
2 - 27% - 30% - 13:09
3 - 22% - 20% - 11:00
4 - 13% - 10% - 6:38
Normal Defense
1 - 40% - 40% - 19:30
2 - 32% - 30% - 15:38
3 - 22% - 20% - 10:52
4 - 6% - 10% - 3:10
PP Forward
1 - 55% - 60% - 3:46
2 - 45% - 40% - 3:04
PP Defense
1 - 61% - 60% - 4:12
2 - 39% - 40% - 2:38
PK Forward
1 - 76% - 60% - 3:03
2 - 24% - 40% - 0:57
PK Defense
1 - 50% - 60% - 1:59
2 - 50% - 40% - 2:01
PK3 Forward
1 - 0% - 60%
2 - 0% - 40%
PK3 Defense
1 - 0% - 60%
2 - 0% - 40%
44 Forward
1 - 89% - 60% - 4:28
2 - 11% - 40% - 0:32
44 Defense
1 - 59% - 60% - 2:56
2 - 41% - 40% - 2:04
Last Minute Offensive  - 0:00
Last Minute Defensive  - 0:00
Total
Forward - 65:00
Defense - 65:00

Play-by-Play

1st period


0:01 of 1st period - Calle Jarnkrok wins face-off versus Sam Bennett in neutral zone.
0:27 of 1st period - Ivan Provorov is hit by Ben Hutton and loses puck.
1:31 of 1st period - Snap shot by Sven Baertschi.
1:31 of 1st period - Deflect By Logan Shaw.
1:31 of 1st period - Goal by Logan Shaw - Phantoms : 0 - Devils : 1.
1:32 of 1st period - Sven Baertschi wins face-off versus Nick Shore in neutral zone.
1:39 of 1st period - Slapshot by Sven Baertschi.
1:39 of 1st period - Shot Misses the Net.
1:59 of 1st period - Travis Konecny is hit by Christian Wolanin and loses puck.
2:22 of 1st period - Wrist shot by Jonny Brodzinski.
2:22 of 1st period - Stopped by Anton Forsberg without a rebound.
2:23 of 1st period - Cristoval Nieves wins face-off versus Brett Howden in Phantoms zone.
2:30 of 1st period - Slapshot by Cristoval Nieves.
2:30 of 1st period - Deflect By Nick Sorensen.
2:30 of 1st period - Stopped by Calvin Pickard without a rebound.
2:31 of 1st period - Sam Bennett wins face-off versus Alex DeBrincat in Devils zone.
2:56 of 1st period - Brandon Carlo is hit by Travis Konecny and loses puck.
3:23 of 1st period - Wrist shot by Cristoval Nieves.
3:23 of 1st period - Shot Misses the Net.
3:25 of 1st period - Slapshot by Mark Alt.
3:25 of 1st period - Stopped by Calvin Pickard with a rebound.
3:27 of 1st period - Wrist shot by Erik Nystrom.
3:27 of 1st period - Stopped by Calvin Pickard with a rebound.
3:39 of 1st period - Logan Shaw is hit by Brendan Leipsic.
3:47 of 1st period - Snap shot by Sven Baertschi.
3:47 of 1st period - Shot Blocked by Mikko Lehtonen.
4:20 of 1st period - Minor Penalty to Ilya Lyubushkin for Roughing.
4:21 of 1st period - Sam Bennett wins face-off versus Calle Jarnkrok in Devils zone.
4:31 of 1st period - Slapshot by Travis Konecny.
4:31 of 1st period - Stopped by Calvin Pickard without a rebound.
4:32 of 1st period - Calle Jarnkrok wins face-off versus Sam Bennett in Devils zone.
5:32 of 1st period - Slapshot by Calle Jarnkrok.
5:32 of 1st period - Shot Misses the Net.
6:20 of 1st period - Penalty to Ilya Lyubushkin is over, Ilya Lyubushkin is back on ice.
6:24 of 1st period - Slapshot by Ivan Provorov.
6:24 of 1st period - Deflect By Ilya Lyubushkin.
6:24 of 1st period - Stopped by Calvin Pickard without a rebound.
6:25 of 1st period - Cristoval Nieves wins face-off versus Brett Howden in Devils zone.
6:28 of 1st period - Snap shot by Erik Nystrom.
6:28 of 1st period - Shot Misses the Net.
6:52 of 1st period - Christian Wolanin is hit by Lucas Wallmarkk and loses puck.
7:01 of 1st period - Snap shot by Lucas Wallmarkk.
7:01 of 1st period - Shot Hit the Post.
7:03 of 1st period - Slapshot by JC Lipon.
7:03 of 1st period - Shot Blocked by Reid Boucher.
8:09 of 1st period - Slapshot by Jonny Brodzinski.
8:09 of 1st period - Shot Misses the Net.
8:30 of 1st period - Icing by Brandon Carlo.
8:31 of 1st period - Lucas Wallmarkk wins face-off versus Sam Bennett in Devils zone.
8:56 of 1st period - Slapshot by Sam Bennett.
8:56 of 1st period - Stopped by Anton Forsberg without a rebound.
8:57 of 1st period - Calle Jarnkrok wins face-off versus Alan Quine in Phantoms zone.
9:02 of 1st period - Snap shot by Travis Konecny.
9:02 of 1st period - Deflect By Dalton Thrower.
9:02 of 1st period - Shot Misses the Net.
9:02 of 1st period - Puck is out of play.
9:03 of 1st period - Alan Quine wins face-off versus Calle Jarnkrok in Devils zone.
9:18 of 1st period - Alan Quine is hit by Michael Bournival and loses puck.
9:51 of 1st period - Snap shot by Brett Seney.
9:51 of 1st period - Stopped by Anton Forsberg with a rebound.
9:53 of 1st period - Wrist shot by Brett Seney.
9:53 of 1st period - Stopped by Anton Forsberg with a rebound.
9:55 of 1st period - Slapshot by Dalton Thrower.
9:55 of 1st period - Stopped by Anton Forsberg without a rebound.
9:56 of 1st period - Michael Bournival wins face-off versus Alan Quine in Phantoms zone.
9:56 of 1st period - Michael Bournival is hit by Valeri Nichushkin.
9:59 of 1st period - Minor Penalty to Michael Bournival for Holding.
10:00 of 1st period - Anthony Angello wins face-off versus Sam Bennett in Phantoms zone.
10:08 of 1st period - Snap shot by Calle Jarnkrok.
10:08 of 1st period - Stopped by Calvin Pickard without a rebound.
10:09 of 1st period - Sam Bennett wins face-off versus Anthony Angello in Devils zone.
10:15 of 1st period - Off-side.
10:16 of 1st period - Logan Shaw wins face-off versus Anthony Angello in neutral zone.
10:48 of 1st period - Snap shot by Alan Quine.
10:48 of 1st period - Shot Misses the Net.
11:59 of 1st period - Penalty to Michael Bournival is over, Michael Bournival is back on ice.
12:22 of 1st period - Slapshot by Travis Konecny.
12:22 of 1st period - Goal by Travis Konecny - Phantoms : 1 - Devils : 1.
12:23 of 1st period - Calle Jarnkrok wins face-off versus Sam Bennett in neutral zone.
12:26 of 1st period - Sam Bennett is hit by Michael Bournival and loses puck.
12:59 of 1st period - Snap shot by Nick Shore.
12:59 of 1st period - Stopped by Calvin Pickard with a rebound.
13:01 of 1st period - Snap shot by Rinat Valiev.
13:01 of 1st period - Stopped by Calvin Pickard with a rebound.
13:40 of 1st period - Snap shot by Reid Boucher.
13:40 of 1st period - Stopped by Anton Forsberg with a rebound.
13:56 of 1st period - Wrist shot by Sam Bennett.
13:56 of 1st period - Stopped by Anton Forsberg with a rebound.
14:22 of 1st period - Slapshot by Alex DeBrincat.
14:22 of 1st period - Shot Misses the Net.
14:44 of 1st period - Travis Konecny is hit by Brandon Carlo and loses puck.
15:22 of 1st period - Snap shot by Logan Shaw.
15:22 of 1st period - Goal by Logan Shaw - Phantoms : 1 - Devils : 2.
15:23 of 1st period - Sam Bennett wins face-off versus Calle Jarnkrok in neutral zone.
16:52 of 1st period - Mikko Lehtonen is hit by Sam Bennett and loses puck.
17:13 of 1st period - Mark Alt is hit by Valeri Nichushkin and loses puck.
17:36 of 1st period - Snap shot by Nick Sorensen.
17:36 of 1st period - Deflect By Cristoval Nieves.
17:36 of 1st period - Shot Misses the Net.
17:36 of 1st period - Puck is out of play.
17:37 of 1st period - Reid Boucher wins face-off versus Cristoval Nieves in Devils zone.
17:42 of 1st period - Mark Alt is hit by Reid Boucher and loses puck.
17:48 of 1st period - Off-side.
17:49 of 1st period - Sam Bennett wins face-off versus Calle Jarnkrok in neutral zone.
18:21 of 1st period - Snap shot by Valeri Nichushkin.
18:21 of 1st period - Deflect By Joonas Donskoi.
18:21 of 1st period - Shot Misses the Net.
18:21 of 1st period - Puck is out of play.
18:22 of 1st period - Alan Quine wins face-off versus Nick Shore in Phantoms zone.
18:38 of 1st period - Icing by Alex DeBrincat.
18:39 of 1st period - Nick Shore wins face-off versus Sam Bennett in Phantoms zone.
18:41 of 1st period - Icing by Alex DeBrincat.
18:42 of 1st period - Sam Bennett wins face-off versus Nick Shore in Phantoms zone.
19:11 of 1st period - Wrist shot by Sven Andrighetto.
19:11 of 1st period - Stopped by Calvin Pickard with a rebound.
19:13 of 1st period - Slapshot by Blake Heinrich.
19:13 of 1st period - Shot Misses the Net.
19:15 of 1st period - Wrist shot by Nick Shore.
19:15 of 1st period - Stopped by Calvin Pickard without a rebound.
19:16 of 1st period - Sam Bennett wins face-off versus Calle Jarnkrok in Devils zone.
19:23 of 1st period - Wrist shot by Travis Konecny.
19:23 of 1st period - Stopped by Calvin Pickard with a rebound.
19:41 of 1st period - Valeri Nichushkin is hit by Erik Nystrom and loses puck.
19:48 of 1st period - Mark Alt is hit by Valeri Nichushkin and loses puck.
Goals for this period are 1 for Phantoms vs 2 for Devils.
Shots for this period are 12 for Phantoms vs 9 for Devils.

2nd period


0:01 of 2nd period - Calle Jarnkrok wins face-off versus Sam Bennett in neutral zone.
0:06 of 2nd period - Snap shot by Michael Bournival.
0:06 of 2nd period - Goal by Michael Bournival - Phantoms : 2 - Devils : 2.
0:07 of 2nd period - Calle Jarnkrok wins face-off versus Sam Bennett in neutral zone.
0:09 of 2nd period - Off-side.
0:10 of 2nd period - Sam Bennett wins face-off versus Calle Jarnkrok in neutral zone.
1:24 of 2nd period - Slapshot by Jonny Brodzinski.
1:24 of 2nd period - Shot Misses the Net.
1:26 of 2nd period - Slapshot by Brett Howden.
1:26 of 2nd period - Stopped by Anton Forsberg with a rebound.
1:28 of 2nd period - Wrist shot by Jonny Brodzinski.
1:28 of 2nd period - Shot Misses the Net.
2:08 of 2nd period - Slapshot by Cristoval Nieves.
2:08 of 2nd period - Stopped by Calvin Pickard with a rebound.
2:27 of 2nd period - Wrist shot by Lucas Wallmarkk.
2:27 of 2nd period - Deflect By Brendan Leipsic.
2:27 of 2nd period - Stopped by Calvin Pickard without a rebound.
2:28 of 2nd period - Sam Bennett wins face-off versus Calle Jarnkrok in Devils zone.
2:28 of 2nd period - Sam Bennett is hit by Ivan Provorov.
2:36 of 2nd period - Slapshot by Sven Baertschi.
2:36 of 2nd period - Shot Misses the Net.
2:38 of 2nd period - Wrist shot by Sven Baertschi.
2:38 of 2nd period - Goal by Sven Baertschi - Phantoms : 2 - Devils : 3.
2:39 of 2nd period - Sam Bennett wins face-off versus Calle Jarnkrok in neutral zone.
2:42 of 2nd period - Snap shot by Brandon Carlo.
2:42 of 2nd period - Shot Misses the Net.
2:44 of 2nd period - Minor Penalty to Michael Bournival for Roughing.
2:45 of 2nd period - Sam Bennett wins face-off versus Calle Jarnkrok in Phantoms zone.
2:58 of 2nd period - Snap shot by Logan Shaw.
2:58 of 2nd period - Stopped by Anton Forsberg with a rebound.
3:19 of 2nd period - Icing by Joonas Donskoi.
3:20 of 2nd period - Sam Bennett wins face-off versus Anthony Angello in Devils zone.
3:37 of 2nd period - Snap shot by Alan Quine.
3:37 of 2nd period - Goal by Alan Quine - Phantoms : 2 - Devils : 4.
3:37 of 2nd period - Jason Kasdorf enters game.
3:38 of 2nd period - Nick Shore wins face-off versus Sam Bennett in neutral zone.
3:54 of 2nd period - Wrist shot by Nick Shore.
3:54 of 2nd period - Goal by Nick Shore - Phantoms : 3 - Devils : 4.
3:55 of 2nd period - Sam Bennett wins face-off versus Calle Jarnkrok in neutral zone.
4:27 of 2nd period - Wrist shot by Joonas Donskoi.
4:27 of 2nd period - Stopped by Jason Kasdorf without a rebound.
4:28 of 2nd period - Nick Shore wins face-off versus Alan Quine in Phantoms zone.
4:59 of 2nd period - Snap shot by Logan Shaw.
4:59 of 2nd period - Shot Blocked by Calle Jarnkrok.
5:10 of 2nd period - Icing by Travis Konecny.
5:11 of 2nd period - Calle Jarnkrok wins face-off versus Brett Seney in Phantoms zone.
5:16 of 2nd period - Wrist shot by Brett Seney.
5:16 of 2nd period - Shot Misses the Net.
5:18 of 2nd period - Snap shot by Ben Hutton.
5:18 of 2nd period - Deflect By Conor Garland.
5:18 of 2nd period - Stopped by Jason Kasdorf without a rebound.
5:19 of 2nd period - Sam Bennett wins face-off versus Nick Sorensen in Phantoms zone.
5:28 of 2nd period - Wrist shot by Nick Sorensen.
5:28 of 2nd period - Stopped by Calvin Pickard with a rebound.
5:30 of 2nd period - Slapshot by Mark Alt.
5:30 of 2nd period - Stopped by Calvin Pickard with a rebound.
5:32 of 2nd period - Wrist shot by Nick Sorensen.
5:32 of 2nd period - Shot Blocked by Sam Bennett.
5:34 of 2nd period - Slapshot by Erik Nystrom.
5:34 of 2nd period - Stopped by Calvin Pickard without a rebound.
5:35 of 2nd period - Calle Jarnkrok wins face-off versus Alan Quine in Devils zone.
5:48 of 2nd period - Snap shot by Travis Konecny.
5:48 of 2nd period - Stopped by Calvin Pickard with a rebound.
6:52 of 2nd period - Brett Howden is hit by Cristoval Nieves and loses puck.
7:15 of 2nd period - Snap shot by Alan Quine.
7:15 of 2nd period - Shot Misses the Net.
7:47 of 2nd period - Lucas Wallmarkk is hit by Reid Boucher and loses puck.
8:18 of 2nd period - Slapshot by Brandon Carlo.
8:18 of 2nd period - Stopped by Jason Kasdorf without a rebound.
8:19 of 2nd period - Calle Jarnkrok wins face-off versus Sam Bennett in Phantoms zone.
8:26 of 2nd period - Off-side.
8:27 of 2nd period - Michael Bournival wins face-off versus Sam Bennett in neutral zone.
8:37 of 2nd period - Minor Penalty to Blake Heinrich for Tripping.
8:38 of 2nd period - Sam Bennett wins face-off versus Michael Bournival in Phantoms zone.
10:37 of 2nd period - Penalty to Blake Heinrich is over, Blake Heinrich is back on ice.
10:41 of 2nd period - Off-side.
10:42 of 2nd period - Cristoval Nieves wins face-off versus Jonny Brodzinski in neutral zone.
10:50 of 2nd period - Slapshot by Ilya Lyubushkin.
10:50 of 2nd period - Stopped by Jason Kasdorf without a rebound.
10:51 of 2nd period - Reid Boucher wins face-off versus Nick Shore in Phantoms zone.
10:52 of 2nd period - Wrist shot by Conor Garland.
10:52 of 2nd period - Stopped by Jason Kasdorf with a rebound.
11:16 of 2nd period - Travis Konecny is hit by Ilya Lyubushkin and loses puck.
11:29 of 2nd period - Snap shot by Valeri Nichushkin.
11:29 of 2nd period - Stopped by Jason Kasdorf with a rebound.
11:40 of 2nd period - Icing by Sven Baertschi.
11:41 of 2nd period - Sven Baertschi wins face-off versus Cristoval Nieves in Devils zone.
11:41 of 2nd period - Sven Baertschi is hit by Cristoval Nieves.
12:38 of 2nd period - Snap shot by Brendan Leipsic.
12:38 of 2nd period - Stopped by Calvin Pickard without a rebound.
12:39 of 2nd period - Sam Bennett wins face-off versus Calle Jarnkrok in Devils zone.
12:39 of 2nd period - Sam Bennett is hit by Calle Jarnkrok.
13:57 of 2nd period - Snap shot by Jonny Brodzinski.
13:57 of 2nd period - Shot Misses the Net.
14:26 of 2nd period - Wrist shot by Alan Quine.
14:26 of 2nd period - Stopped by Jason Kasdorf without a rebound.
14:27 of 2nd period - Calle Jarnkrok wins face-off versus Alan Quine in Phantoms zone.
14:32 of 2nd period - Wrist shot by Travis Konecny.
14:32 of 2nd period - Shot Misses the Net.
14:34 of 2nd period - Wrist shot by Michael Bournival.
14:34 of 2nd period - Stopped by Calvin Pickard without a rebound.
14:35 of 2nd period - Travis Konecny wins face-off versus Sven Baertschi in Devils zone.
15:07 of 2nd period - Slapshot by Joonas Donskoi.
15:07 of 2nd period - Deflect By Valeri Nichushkin.
15:07 of 2nd period - Shot Misses the Net.
15:07 of 2nd period - Puck is out of play.
15:08 of 2nd period - Alan Quine wins face-off versus Calle Jarnkrok in Phantoms zone.
15:11 of 2nd period - Wrist shot by Alan Quine.
15:11 of 2nd period - Shot Misses the Net.
15:16 of 2nd period - Off-side.
15:17 of 2nd period - Calle Jarnkrok wins face-off versus Valeri Nichushkin in neutral zone.
15:26 of 2nd period - Snap shot by Calle Jarnkrok.
15:26 of 2nd period - Stopped by Calvin Pickard with a rebound.
15:47 of 2nd period - Wrist shot by Travis Konecny.
15:47 of 2nd period - Shot Misses the Net.
15:49 of 2nd period - Slapshot by Mark Alt.
15:49 of 2nd period - Stopped by Calvin Pickard without a rebound.
15:50 of 2nd period - Alex DeBrincat wins face-off versus Sam Bennett in Devils zone.
15:56 of 2nd period - Icing by Logan Shaw.
15:57 of 2nd period - Sam Bennett wins face-off versus Alex DeBrincat in Devils zone.
16:06 of 2nd period - Backhand shot by Nick Shore.
16:06 of 2nd period - Stopped by Calvin Pickard with a rebound.
16:08 of 2nd period - Wrist shot by Alex DeBrincat.
16:08 of 2nd period - Stopped by Calvin Pickard without a rebound.
16:09 of 2nd period - Calle Jarnkrok wins face-off versus Sam Bennett in Devils zone.
16:12 of 2nd period - Snap shot by Travis Konecny.
16:12 of 2nd period - Goal by Travis Konecny - Phantoms : 4 - Devils : 4.
16:13 of 2nd period - Sam Bennett wins face-off versus Calle Jarnkrok in neutral zone.
16:22 of 2nd period - Minor Penalty to Sam Bennett for Hooking.
16:23 of 2nd period - Calle Jarnkrok wins face-off versus Valeri Nichushkin in Devils zone.
16:24 of 2nd period - Wrist shot by Travis Konecny.
16:24 of 2nd period - Goal by Travis Konecny - Phantoms : 5 - Devils : 4.
16:25 of 2nd period - Sam Bennett wins face-off versus Calle Jarnkrok in neutral zone.
16:55 of 2nd period - Snap shot by Sven Andrighetto.
16:55 of 2nd period - Stopped by Calvin Pickard with a rebound.
17:41 of 2nd period - Snap shot by Sven Baertschi.
17:41 of 2nd period - Stopped by Jason Kasdorf without a rebound.
17:42 of 2nd period - Sven Baertschi wins face-off versus Lucas Wallmarkk in Phantoms zone.
17:43 of 2nd period - Snap shot by Logan Shaw.
17:43 of 2nd period - Shot Misses the Net.
17:45 of 2nd period - Snap shot by Sam Bennett.
17:45 of 2nd period - Shot Misses the Net.
17:47 of 2nd period - Wrist shot by Sam Bennett.
17:47 of 2nd period - Deflect By Sven Baertschi.
17:47 of 2nd period - Goal by Sven Baertschi - Phantoms : 5 - Devils : 5.
17:48 of 2nd period - Sam Bennett wins face-off versus Calle Jarnkrok in neutral zone.
18:14 of 2nd period - Joonas Donskoi is hit by Ivan Provorov and loses puck.
18:23 of 2nd period - Snap shot by Alex DeBrincat.
18:23 of 2nd period - Shot Misses the Net.
19:23 of 2nd period - Wrist shot by Travis Konecny.
19:23 of 2nd period - Stopped by Calvin Pickard with a rebound.
19:25 of 2nd period - Snap shot by Travis Konecny.
19:25 of 2nd period - Goal by Travis Konecny - Phantoms : 6 - Devils : 5.
19:26 of 2nd period - Sam Bennett wins face-off versus Calle Jarnkrok in neutral zone.
Goals for this period are 5 for Phantoms vs 3 for Devils.
Shots for this period are 19 for Phantoms vs 13 for Devils.

3rd period


0:01 of 3rd period - Calle Jarnkrok wins face-off versus Sam Bennett in neutral zone.
0:27 of 3rd period - Alan Quine is hit by Sven Andrighetto and loses puck.
0:36 of 3rd period - Mark Alt is hit by Joonas Donskoi and loses puck.
1:32 of 3rd period - Michael Bournival is hit by Sam Bennett and loses puck.
1:51 of 3rd period - Wrist shot by Joonas Donskoi.
1:51 of 3rd period - Stopped by Jason Kasdorf with a rebound.
2:25 of 3rd period - Brenden Kichton is hit by Dalton Thrower.
2:49 of 3rd period - Snap shot by Reid Boucher.
2:49 of 3rd period - Shot Misses the Net.
3:02 of 3rd period - Erik Nystrom is hit by Conor Garland and loses puck.
3:25 of 3rd period - Wrist shot by Cristoval Nieves.
3:25 of 3rd period - Deflect By Erik Nystrom.
3:25 of 3rd period - Shot Blocked by Conor Garland.
3:25 of 3rd period - Puck is out of play.
3:26 of 3rd period - Calle Jarnkrok wins face-off versus Sam Bennett in Devils zone.
3:52 of 3rd period - Sven Andrighetto is hit by Alan Quine and loses puck.
4:19 of 3rd period - Snap shot by Brendan Leipsic.
4:19 of 3rd period - Shot Misses the Net.
4:21 of 3rd period - Wrist shot by Lucas Wallmarkk.
4:21 of 3rd period - Shot Hit the Post.
4:23 of 3rd period - Slapshot by Mark Alt.
4:23 of 3rd period - Shot Misses the Net.
5:14 of 3rd period - Snap shot by Lucas Wallmarkk.
5:14 of 3rd period - Deflect By JC Lipon.
5:14 of 3rd period - Shot Misses the Net.
5:14 of 3rd period - Puck is out of play.
5:15 of 3rd period - Lucas Wallmarkk wins face-off versus Brett Howden in Devils zone.
5:20 of 3rd period - Wrist shot by Brendan Leipsic.
5:20 of 3rd period - Deflect By JC Lipon.
5:20 of 3rd period - Shot Misses the Net.
5:20 of 3rd period - Puck is out of play.
5:21 of 3rd period - Calle Jarnkrok wins face-off versus Sam Bennett in Devils zone.
5:24 of 3rd period - Snap shot by Michael Bournival.
5:24 of 3rd period - Shot Blocked by Ben Hutton.
5:26 of 3rd period - Snap shot by Mikko Lehtonen.
5:26 of 3rd period - Stopped by Calvin Pickard with a rebound.
5:28 of 3rd period - Slapshot by Brenden Kichton.
5:28 of 3rd period - Shot Misses the Net.
5:30 of 3rd period - Wrist shot by Calle Jarnkrok.
5:30 of 3rd period - Stopped by Calvin Pickard without a rebound.
5:31 of 3rd period - Calle Jarnkrok wins face-off versus Sam Bennett in Devils zone.
5:42 of 3rd period - Wrist shot by Travis Konecny.
5:42 of 3rd period - Deflect By Calle Jarnkrok.
5:42 of 3rd period - Shot Misses the Net.
5:42 of 3rd period - Puck is out of play.
5:43 of 3rd period - Calle Jarnkrok wins face-off versus Sam Bennett in Devils zone.
5:48 of 3rd period - Snap shot by Michael Bournival.
5:48 of 3rd period - Shot Misses the Net.
5:50 of 3rd period - Wrist shot by Ivan Provorov.
5:50 of 3rd period - Deflect By Brandon Carlo.
5:50 of 3rd period - Phantoms goal is going for a video replay.
5:50 of 3rd period - The goal is refused. The goalkeeper has been pushed into the net together with the puck after making a save..
5:51 of 3rd period - Calle Jarnkrok wins face-off versus Sam Bennett in Devils zone.
6:11 of 3rd period - Off-side.
6:12 of 3rd period - Nick Shore wins face-off versus Alan Quine in neutral zone.
6:18 of 3rd period - Blake Heinrich is hit by Dalton Thrower and loses puck.
6:37 of 3rd period - Michael Bournival is hit by Logan Shaw and loses puck.
7:06 of 3rd period - Michael Bournival is hit by Ben Hutton and loses puck.
7:27 of 3rd period - Snap shot by Brett Seney.
7:27 of 3rd period - Goal by Brett Seney - Phantoms : 6 - Devils : 6.
7:28 of 3rd period - Alex DeBrincat wins face-off versus Sam Bennett in neutral zone.
7:35 of 3rd period - Sven Baertschi is hit by Ivan Provorov and loses puck.
7:54 of 3rd period - Joonas Donskoi is hit by Cristoval Nieves and loses puck.
7:58 of 3rd period - Icing by Ben Hutton.
7:59 of 3rd period - Erik Nystrom wins face-off versus Alan Quine in Devils zone.
8:06 of 3rd period - Snap shot by Nick Sorensen.
8:06 of 3rd period - Shot Misses the Net.
8:34 of 3rd period - Wrist shot by Erik Nystrom.
8:34 of 3rd period - Goal by Erik Nystrom - Phantoms : 7 - Devils : 6.
8:35 of 3rd period - Michael Bournival wins face-off versus Sam Bennett in neutral zone.
9:10 of 3rd period - Slapshot by Travis Konecny.
9:10 of 3rd period - Stopped by Calvin Pickard with a rebound.
9:12 of 3rd period - Slapshot by Mark Alt.
9:12 of 3rd period - Deflect By Conor Garland.
9:12 of 3rd period - Stopped by Calvin Pickard without a rebound.
9:13 of 3rd period - Nick Shore wins face-off versus Logan Shaw in Devils zone.
9:22 of 3rd period - Wrist shot by Nick Shore.
9:22 of 3rd period - Stopped by Calvin Pickard with a rebound.
9:24 of 3rd period - Slapshot by Rinat Valiev.
9:24 of 3rd period - Shot Misses the Net.
9:26 of 3rd period - Slapshot by Rinat Valiev.
9:26 of 3rd period - Shot Blocked by Brandon Carlo.
9:28 of 3rd period - Slapshot by Rinat Valiev.
9:28 of 3rd period - Deflect By Nick Shore.
9:28 of 3rd period - Stopped by Calvin Pickard with a rebound.
9:38 of 3rd period - Rinat Valiev is hit by Joonas Donskoi and loses puck.
10:20 of 3rd period - Snap shot by Jonny Brodzinski.
10:20 of 3rd period - Shot Blocked by Brenden Kichton.
10:27 of 3rd period - Minor Penalty to Mikko Lehtonen for High sticking.
10:28 of 3rd period - Michael Bournival wins face-off versus Logan Shaw in Phantoms zone.
11:00 of 3rd period - Wrist shot by Travis Konecny.
11:00 of 3rd period - Shot Misses the Net.
11:02 of 3rd period - Slapshot by Rinat Valiev.
11:02 of 3rd period - Deflect By Travis Konecny.
11:02 of 3rd period - Shot Misses the Net.
11:02 of 3rd period - Puck is out of play.
11:03 of 3rd period - Alan Quine wins face-off versus Travis Konecny in Devils zone.
11:10 of 3rd period - Dalton Thrower is hit by Sven Andrighetto and loses puck.
11:39 of 3rd period - Calle Jarnkrok is hit by Logan Shaw and loses puck.
12:27 of 3rd period - Penalty to Mikko Lehtonen is over, Mikko Lehtonen is back on ice.
12:35 of 3rd period - Snap shot by Anthony Angello.
12:35 of 3rd period - Stopped by Calvin Pickard with a rebound.
13:03 of 3rd period - Snap shot by Cristoval Nieves.
13:03 of 3rd period - Stopped by Calvin Pickard without a rebound.
13:04 of 3rd period - Reid Boucher wins face-off versus Nick Shore in Devils zone.
13:06 of 3rd period - Minor Penalty to Reid Boucher for Holding.
13:07 of 3rd period - Sam Bennett wins face-off versus Michael Bournival in Devils zone.
15:06 of 3rd period - Penalty to Reid Boucher is over, Reid Boucher is back on ice.
15:24 of 3rd period - Slapshot by Brett Howden.
15:24 of 3rd period - Shot Misses the Net.
15:26 of 3rd period - Slapshot by Jonny Brodzinski.
15:26 of 3rd period - Goal by Jonny Brodzinski - Phantoms : 7 - Devils : 7.
15:27 of 3rd period - Reid Boucher wins face-off versus Calle Jarnkrok in neutral zone.
15:59 of 3rd period - Snap shot by Joonas Donskoi.
15:59 of 3rd period - Stopped by Jason Kasdorf without a rebound.
16:00 of 3rd period - Sam Bennett wins face-off versus Calle Jarnkrok in Phantoms zone.
16:11 of 3rd period - Snap shot by Calle Jarnkrok.
16:11 of 3rd period - Shot Misses the Net.
16:34 of 3rd period - Wrist shot by Erik Nystrom.
16:34 of 3rd period - Stopped by Calvin Pickard without a rebound.
16:35 of 3rd period - Calle Jarnkrok wins face-off versus Sam Bennett in Devils zone.
17:28 of 3rd period - Icing by Mark Alt.
17:29 of 3rd period - Alan Quine wins face-off versus Cristoval Nieves in Phantoms zone.
17:30 of 3rd period - Wrist shot by Joonas Donskoi.
17:30 of 3rd period - Shot Blocked by Brenden Kichton.
17:34 of 3rd period - Wrist shot by Joonas Donskoi.
17:34 of 3rd period - Stopped by Jason Kasdorf with a rebound.
17:36 of 3rd period - Slapshot by Joonas Donskoi.
17:36 of 3rd period - Shot Misses the Net.
17:38 of 3rd period - Slapshot by Alan Quine.
17:38 of 3rd period - Shot Misses the Net.
17:40 of 3rd period - Wrist shot by Valeri Nichushkin.
17:40 of 3rd period - Shot Misses the Net.
19:29 of 3rd period - Mark Alt is hit by Sven Baertschi and loses puck.
19:43 of 3rd period - Off-side.
19:44 of 3rd period - JC Lipon wins face-off versus Reid Boucher in neutral zone.
19:51 of 3rd period - Wrist shot by Brendan Leipsic.
19:51 of 3rd period - Shot Blocked by Reid Boucher.
Goals for this period are 1 for Phantoms vs 2 for Devils.
Shots for this period are 11 for Phantoms vs 5 for Devils.

Overtime #1


0:01 of 1st overtime period - Sam Bennett wins face-off versus Michael Bournival in neutral zone.
0:04 of 1st overtime period - Snap shot by Brandon Carlo.
0:04 of 1st overtime period - Shot Misses the Net.
1:09 of 1st overtime period - Mark Alt is hit by Alan Quine.
1:15 of 1st overtime period - Ilya Lyubushkin is hit by Ivan Provorov and loses puck.
3:10 of 1st overtime period - Brett Seney is hit by Rinat Valiev and loses puck.
4:09 of 1st overtime period - Ilya Lyubushkin is hit by Anthony Angello and loses puck.
4:23 of 1st overtime period - Icing by Brenden Kichton.
4:24 of 1st overtime period - Travis Konecny wins face-off versus Sven Baertschi in Phantoms zone.
Goals for this period are 0 for Phantoms vs 0 for Devils.
Shots for this period are 0 for Phantoms vs 0 for Devils.

ShootOut


5:00 of 1st overtime period - Round #1.
5:00 of 1st overtime period - Phantoms, Michael Bournival.
5:00 of 1st overtime period - Wrist shot by Michael Bournival.
5:00 of 1st overtime period - Stopped by Calvin Pickard.
5:00 of 1st overtime period - Devils, Logan Shaw.
5:00 of 1st overtime period - Wrist shot by Logan Shaw.
5:00 of 1st overtime period - Goal by Logan Shaw.
5:00 of 1st overtime period - Round #2.
5:00 of 1st overtime period - Phantoms, Calle Jarnkrok.
5:00 of 1st overtime period - Deke by Calle Jarnkrok.
5:00 of 1st overtime period - Shot Misses the Net.
5:00 of 1st overtime period - Devils, Sven Baertschi.
5:00 of 1st overtime period - Wrist shot by Sven Baertschi.
5:00 of 1st overtime period - Stopped by Jason Kasdorf.
5:00 of 1st overtime period - Round #3.
5:00 of 1st overtime period - Phantoms, Travis Konecny.
5:00 of 1st overtime period - Deke by Travis Konecny.
5:00 of 1st overtime period - Stopped by Calvin Pickard.